[Event "Early-Titled-Tuesday-Blitz-August-29-2023"]
[Site "Chess.com"]
[Date "2023.08.29"]
[Round "4"]
[White "Staudenhocker43"]
[Black "DanielTitichoca"]
[Result "0-1"]
[WhiteElo "2589"]
[BlackElo "2429"]
[TimeControl "180+1"]
[EndTime "8:39:48 PDT"]
[Termination "DanielTitichoca won on time"]

1. e4 d6 2. d4 g6 3. Nc3 Bg7 4. Be3 a6 5. f4 b5 6. Be2 Bb7 7. Bf3 Nd7 8. e5 Qc8 9. Qd2 h5 10. O-O-O Nh6 11. h3 Nf5 12. Bf2 Nb6 13. Qd3 b4 14.
Nce2 h4 15. Kb1 O-O 16. Bxb7 Qxb7 17. Nf3 a5 18. Bxh4 a4 19. Be1 b3 20. cxb3 axb3 21.
Qxb3 Qe4+ 22. Qd3 Qb7 23. Nc3 Rfb8 24. b3 e6 25. Bd2 c5 26. dxc5 dxc5 27. Qe4 Nd5 28.
Rhe1 c4 29. Qxc4 Rc8 30. Qd3 Nb4 31. Qe4 Rc6 32. Rc1 Bf8 33. g4 Qa6 34. a4 Ng3 35.
Qe3 Nd3 36. Nb5 Nxc1 37. Rxc1 Rac8 38. Rxc6 Qxc6 39. Nbd4 Qd5 40. Kb2 Ne4 41. Bc1 Nc5 42.
Qe2 Rb8 43. Qc2 Nxa4+ 44. Kb1 Nc5 45. Kb2 Be7 0-1

[Event "Early-Titled-Tuesday-Blitz-August-29-2023"]
[Site "Chess.com"]
[Date "2023.08.29"]
[Round "4"]
[White "Onthequiet"]
[Black "SpongeBob_03"]
[Result "1-0"]
[WhiteElo "2374"]
[BlackElo "2164"]
[TimeControl "180+1"]
[EndTime "8:39:48 PDT"]
[Termination "Onthequiet won by resignation"]

1. d4 Nf6 2. Nf3 e6 3. a3 b6 4. g3 Bb7 5. Bg2 d6 6. O-O Nbd7 7. c4 Be7 8. Qc2 e5 9. Nc3 O-O 10. Rd1 exd4 11. Nxd4 Bxg2 12. Kxg2 c5 13. Nf5 Ne5 14. Nb5 Qd7 15. Nbxd6 Bxd6 16. Rxd6 Qb7+ 17. f3 Rfd8 18.
Bg5 Rxd6 19. Nxd6 Qc6 20. Rd1 Nfg4 21. Nf5 Re8 22. h3 f6 23. Bf4 g5 24. Bc1 Nxf3 25.
exf3 Ne5 26. Qc3 h5 27. Rd5 Qe6 28. g4 hxg4 29. hxg4 Ng6 30. Be3 Kh7 31. Qd2 Ne7 32.
Rd7 Kg8 33. Nxe7+ Rxe7 34. Rxe7 Qxe7 35. Qd5+ Kg7 36. Kf2 Qe5 37. Qxe5 fxe5 38. Ke2 Kg6 39. Kd3 Kf6 40. Ke4 a6 41. b4 cxb4 42. axb4 b5 43. c5 a5 44. bxa5 b4 45. a6 b3 46. Bc1 b2 47. Bxb2 1-0

[Event "Early-Titled-Tuesday-Blitz-August-29-2023"]
[Site "Chess.com"]
[Date "2023.08.29"]
[Round "4"]
[White "Jospem"]
[Black "TigrVShlyape"]
[Result "1-0"]
[WhiteElo "3058"]
[BlackElo "2896"]
[TimeControl "180+1"]
[EndTime "8:39:49 PDT"]
[Termination "Jospem won on time"]

1. e4 c5 2. Nf3 e6 3. c3 Nf6 4. Bd3 b6 5. Qe2 Nc6 6. Bc2 Be7 7. O-O O-O 8. Re1 e5 9. d3 d6 10. Nbd2 Re8 11. Nf1 Bf8 12. Ng3 g6 13. Bb3 Be6 14. Bxe6 Rxe6 15. Bd2 Bg7 16. b4 cxb4 17.
cxb4 b5 18. Rac1 Qd7 19. a3 a6 20. Be3 d5 21. Bc5 Bh6 22. Rcd1 d4 23. Qb2 Qe8 24. Nd2 Nd7 25. Nb3 Bg5 26. Ne2 Nxc5 27. Nxc5 Rd6 28. Rf1 Qe7 29. g3 h5 30. f4 Bh6 31. f5 Be3+ 32. Kh1 a5 33. Ng1 axb4 34. axb4 Rf6 35. Nf3 Kg7 36. Ra1 Rc8 37. Ra6 g5 38. h4 g4 39. Ng5 Kg8 40. Qb3 Bd2 41. Rfa1 Bxb4 42. Ra8 Qe8 43. Rxc8 Qxc8 44. Rc1 Bc3 45.
Qxb5 Na7 46. Qc4 Qc7 47. Rb1 Nc8 48. Rb7 Qa5 49. Kg2 1-0

[Event "Early-Titled-Tuesday-Blitz-August-29-2023"]
[Site "Chess.com"]
[Date "2023.08.29"]
[Round "4"]
[White "amanjazu"]
[Black "Gyulamiryan-koryun"]
[Result "1-0"]
[WhiteElo "2314"]
[BlackElo "2052"]
[TimeControl "180+1"]
[EndTime "8:39:49 PDT"]
[Termination "amanjazu won by resignation"]

1. f4 d5 2. Nf3 c5 3. g3 Nc6 4.
Bg2 Bf5 5. O-O e6 6. d3 h5 7.
Nc3 h4 8. e4 Bg4 9. exd5 exd5 10. Qe1+ Be7 11. Nxh4 Nf6 12. Nd1 Nd4 13. Ne3 Qd7 14. f5 O-O-O 15. c3 Nc6 16. h3 Rxh4 17. hxg4 Rh7 18. g5 Nh5 19. Nxd5 Bd6 20. Bf4 Nxf4 21. Nxf4 Qxf5 22. Be4 Qxg5 23. Bxh7 Rh8 24. Be4 Ne5 25. Nh3 Qh6 26. Qc1 Qh5 27. Qd1 Qh6 28. Bg2 Qe3+ 29.
Rf2 Qxg3 30. Kf1 Ng4 31. Qe1 Nxf2 32. Qxf2 Qxd3+ 33. Qe2 Qf5+ 34. Nf2 Bg3 35. Qf3 Qxf3 36. Bxf3 Bd6 37. Ne4 Be7 38. Re1 Re8 39. Bg4+ Kc7 40.
Nxc5 f6 41. Ne6+ Kd6 42. Bh5 Rh8 43. Nxg7 Rg8 44. Nf5+ Kc6 45. Nxe7+ 1-0

[Event "Early-Titled-Tuesday-Blitz-August-29-2023"]
[Site "Chess.com"]
[Date "2023.08.29"]
[Round "4"]
[White "wonderfultime"]
[Black "Fighterman91"]
[Result "1-0"]
[WhiteElo "2967"]
[BlackElo "2736"]
[TimeControl "180+1"]
[EndTime "8:39:50 PDT"]
[Termination "wonderfultime won on time"]

1. d4 Nf6 2. Nf3 g6 3. Bg5 Bg7 4. Nbd2 O-O 5. c3 h6 6. Bh4 d6 7. e4 c5 8. dxc5 dxc5 9. Bc4 Nc6 10. Qe2 Nh5 11. O-O Qc7 12. Qe3 b6 13. Rfe1 e5 14. Rad1 Nf4 15. h3 g5 16. Bg3 Ne7 17. Nf1 Neg6 18. Qd2 Bb7 19. Qc2 Rad8 20. Ne3 Ne7 21.
h4 Bf6 22. Ng4 Kg7 23. a4 Neg6 24. hxg5 hxg5 25. Bd5 Bc8 26. Ne3 Rh8 27. c4 Rh5 28. Bxf4 Nxf4 29. g3 Nh3+ 30. Kf1 g4 31. Nh2 Nf4 32.
gxf4 Rxh2 33. f5 g3 34. Ng4 Rh1+ 35. Kg2 Rxe1 36. Rxe1 Rh8 37. fxg3 Bg5 38. Qc3 f6 39. Nf2 Qd8 40. b4 cxb4 41. Qxb4 Bd7 42. Ra1 Qc7 43. a5 1-0

[Event "Early-Titled-Tuesday-Blitz-August-29-2023"]
[Site "Chess.com"]
[Date "2023.08.29"]
[Round "4"]
[White "FREDERICKtheMATE"]
[Black "MaevskiyNikolay"]
[Result "1-0"]
[WhiteElo "2470"]
[BlackElo "2668"]
[TimeControl "180+1"]
[EndTime "8:39:51 PDT"]
[Termination "FREDERICKtheMATE won by resignation"]

1. Nf3 Nf6 2. g3 b5 3. b3 Bb7 4. Bg2 e6 5. Bb2 c5 6. O-O Be7 7. c4 a6 8. d3 O-O 9. Nbd2 d6 10. e4 Nbd7 11. Re1 Qc7 12. Qc2 Rfe8 13. Rac1 h6 14. h3 Rac8 15. Qb1 Qb8 16. Qa1 Bf8 17. Nh2 Qa8 18. f4 e5 19. f5 Be7 20. g4 Nh7 21. Ndf3 Ng5 22. h4 Nxf3+ 23. Nxf3 Nf6 24. Bh3 Nh7 25. Rc2 Rc7 26. Rf2 Qd8 27. h5 Ng5 28. Nxg5 Bxg5 29. Rf3 Bc6 30. Bc3 Rb7 31. Qd1 Qc7 32.
Bd2 Bxd2 33. Qxd2 f6 34. Kf2 Reb8 35. Rb1 bxc4 36. dxc4 Bxe4 37. Rd1 Bxf3 38. Kxf3 Rb6 39. Qd5+ Kh8 40. Bg2 a5 41. Ke2 a4 42. Rd3 axb3 43.
axb3 Rxb3 44. Rxb3 Rxb3 45. Qe6 Rb2+ 46. Kf1 Rb8 47. Bd5 Rd8 48. Kg2 Qd7 49. Kf3 Qxe6 50. fxe6 Re8 51. Ke4 f5+ 52. Kxf5 Rf8+ 53. Ke4 g6 54.
Bc6 gxh5 55. e7 Rc8 56. gxh5 Kg7 57. e8=Q Rxe8 58. Bxe8 Kf6 59. Kd5 Kf5 60. Bg6+ Kf4 61. Kxd6 e4 62. Kxc5 e3 63. Bd3 Kf3 64. Kd6 e2 65.
Bxe2+ Kxe2 66. c5 Kf3 67. c6 Kg4 68. c7 Kxh5 69. c8=Q Kh4 70. Qf5 h5 71. Ke5 1-0

[Event "Early-Titled-Tuesday-Blitz-August-29-2023"]
[Site "Chess.com"]
[Date "2023.08.29"]
[Round "4"]
[White "OlaaLa"]
[Black "FontVella8"]
[Result "0-1"]
[WhiteElo "2432"]
[BlackElo "2649"]
[TimeControl "180+1"]
[EndTime "8:39:51 PDT"]
[Termination "FontVella8 won by resignation"]

1. e4 c6 2. Bc4 d5 3. Bb3 dxe4 4. Qh5 g6 5. Qh4 Nf6 6. Nc3 Bg7 7. Nxe4 O-O 8. Nf3 Nxe4 9. Qxe4 Bf5 10. Qe3 e5 11.
O-O Nd7 12. d3 a5 13. a4 h6 14. h3 g5 15. g4 Bg6 16. Kg2 b6 17. h4 Nc5 18.
hxg5 hxg5 19. Bc4 e4 20. Nxg5 exd3 21. cxd3 Bxd3 22. Rd1 Be4+ 23. Nxe4 Qxd1 24. Ng3 Rae8 25.
Qg5 Re5 26. Nf5 Rxf5 27. gxf5 Ne4 28. Qxg7+ Kxg7 29. Bh6+ Kxh6 30. Rxd1 Kg5 31. f3 Nc5 32. Rd6 Nxa4 33. b3 Nb2 34. Bf1 a4 35. bxa4 Nxa4 36.
Rxc6 Rb8 37. Bb5 Nc5 38. Kg3 f6 39. Bc4 Kxf5 40. Bd5 Ke5 41. Ba2 f5 42. f4+ Kd4 43. Bb1 Ne4+ 44. Kg2 Ke3 45. Re6 Kxf4 46. Re7 b5 47.
Bc2 b4 48. Kf1 b3 49. Bd3 b2 50. Ke2 b1=Q 51. Bxb1 Rxb1 0-1

[Event "Early-Titled-Tuesday-Blitz-August-29-2023"]
[Site "Chess.com"]
[Date "2023.08.29"]
[Round "4"]
[White "Schattman"]
[Black "blitzo_vich"]
[Result "0-1"]
[WhiteElo "2413"]
[BlackElo "2603"]
[TimeControl "180+1"]
[EndTime "8:39:51 PDT"]
[Termination "blitzo_vich won on time"]

1. Nf3 Nc6 2. d4 e6 3. g3 Nf6 4. Bg2 g6 5. O-O Bg7 6. b3 O-O 7. Bb2 d6 8. Nbd2 a5 9. a3 Re8 10. h3 e5 11. dxe5 dxe5 12. Nc4 Nd7 13. e4 Qe7 14.
Qe2 b6 15. Rfd1 Ba6 16. a4 Nc5 17. Bf1 Ne6 18. Qe1 Ned4 19. Nxd4 Nxd4 20. Bxd4 exd4 21.
Bd3 Rad8 22. Nd2 Bc8 23. Kh2 Qe6 24. Qf1 Qd6 25. Nc4 Qc5 26. Rac1 c6 27. Nd2 Bd7 28. Nf3 b5 29. Ra1 Qb6 30. Qe1 Ra8 31. Qd2 bxa4 32.
Rxa4 c5 33. Ra2 a4 34. bxa4 Qe6 35. Rda1 Qxh3+ 36. Kg1 Qh5 37. Nh2 Be6 38. Ra3 c4 39. Be2 Qc5 40. Bf1 Reb8 41. a5 d3 42. c3 Qb5 43.
Bh3 Bxh3 44. g4 Qb2 45. Qf4 Bxc3 46. Qg3 Qxa1+ 47. Rxa1 Bxa1 48. Qxh3 d2 49. Qf3 Rb1+ 50. Kg2 d1=Q 0-1

[Event "Early-Titled-Tuesday-Blitz-August-29-2023"]
[Site "Chess.com"]
[Date "2023.08.29"]
[Round "4"]
[White "gm_rashid"]
[Black "Maus7"]
[Result "1-0"]
[WhiteElo "2384"]
[BlackElo "2499"]
[TimeControl "180+1"]
[EndTime "8:39:51 PDT"]
[Termination "gm_rashid won by resignation"]

1. e4 e5 2. Nf3 Nc6 3. Bb5 a6 4. Ba4 Nf6 5. O-O Be7 6. Re1 b5 7. Bb3 d6 8. h3 O-O 9. c3 Na5 10.
Bc2 c5 11. d4 Qc7 12. Nbd2 Bd7 13. Nf1 cxd4 14. cxd4 Rfe8 15. b3 Rac8 16. Ne3 Nc6 17. Bb2 Qb7 18. dxe5 dxe5 19. Nd5 Bc5 20. Nxf6+ gxf6 21.
Rc1 Be6 22. Nh4 Bd4 23. Bxd4 Nxd4 24. Bb1 a5 25. Nf5 Bxf5 26. exf5 Rxc1 27. Qxc1 Rc8 28. Qh6 Qe7 29. Re4 Kh8 30. Rh4 Nf3+ 31. gxf3 Rg8+ 32. Kh2 Rg7 33. Rg4 Rxg4 34. fxg4 e4 35. Qe3 Qe5+ 36. Kg2 a4 37. Qxe4 axb3 38. Qxe5 fxe5 39. axb3 Kg7 40. Kf3 Kf6 41. Ke4 b4 42. h4 h6 43. g5+ hxg5 44. hxg5+ Kxg5 45. Kxe5 f6+ 46. Ke6 Kf4 47. Kxf6 Kf3 48. Ke6 Kxf2 49. f6 Ke3 50. f7 Kd2 51.
f8=Q Kc3 52. Qf3+ Kb2 53. Bf5 Ka3 54. Qd5 Kb2 55. Qc4 Ka3 56. Kd5 Kb2 57. Qxb4 1-0

[Event "Early-Titled-Tuesday-Blitz-August-29-2023"]
[Site "Chess.com"]
[Date "2023.08.29"]
[Round "4"]
[White "koncheto"]
[Black "Kopytkin"]
[Result "1-0"]
[WhiteElo "2523"]
[BlackElo "2364"]
[TimeControl "180+1"]
[EndTime "8:39:51 PDT"]
[Termination "koncheto won by checkmate"]

1. e4 Nf6 2. e5 Nd5 3. c4 Nb6 4. a4 a5 5. Ra3 d6 6. exd6 cxd6 7.
Rg3 g6 8. h4 h5 9. d4 Bg7 10. Bd3 Nc6 11. Be3 Bg4 12. Rxg4 hxg4 13. Qxg4 Qd7 14. Qg3 Bxd4 15. Ne2 Be5 16. f4 Nb4 17.
Bxb6 Nxd3+ 18. Qxd3 Bf6 19. O-O Rxh4 20. Nbc3 Kf8 21. Ne4 Kg7 22. Nxf6 exf6 23. Nc3 Rah8 24. Bd4 Qg4 25. Nd5 Rh2 26. Bxf6+ Kf8 27. Qe4 Rh1+ 28. Kf2 Rxf1+ 29. Kxf1 Rh1+ 30. Kf2 Qe6 31. Be7+ Kg8 32.
Nf6+ Kh8 33. Qxe6 fxe6 34. Bxd6 Rb1 35. Be5 Kg7 36. Ne8+ Kf8 37. Nd6 Ke7 38. Nxb7 Rc1 39. Nxa5 Rc2+ 40. Kg3 Kd7 41. b4 Ra2 42. c5 Rxa4 43.
c6+ Kc8 44. Bd6 Ra1 45. Nc4 Rc1 46. Nb6+ Kd8 47. c7+ Ke8 48. c8=Q+ Kf7 49. Qf8# 1-0

[Event "Early-Titled-Tuesday-Blitz-August-29-2023"]
[Site "Chess.com"]
[Date "2023.08.29"]
[Round "4"]
[White "Orujov2008"]
[Black "fireheart92"]
[Result "0-1"]
[WhiteElo "2607"]
[BlackElo "2963"]
[TimeControl "180+1"]
[EndTime "8:39:52 PDT"]
[Termination "fireheart92 won by resignation"]

1. e4 c5 2. Nf3 Nc6 3. d4 cxd4 4.
Nxd4 e5 5. Nb5 d6 6. N1c3 a6 7.
Na3 Be6 8. Nd5 Bxd5 9. Qxd5 Nf6 10. Qd3 d5 11. exd5 Nxd5 12. c4 Bb4+ 13. Bd2 Nf4 14. Qxd8+ Rxd8 15. O-O-O Bxa3 16. bxa3 Nd3+ 17. Bxd3 Rxd3 18.
Bb4 Nxb4 19. axb4 Rc3+ 20. Kb2 Rxc4 21. Kb3 Rf4 22. Rd5 Rxf2 23. Rxe5+ Kd7 24. Rd1+ Kc6 25. Rc5+ Kb6 26. Rd6+ Ka7 27. Rc7 Re8 28. Rdd7 Re3+ 29. Kc4 Rc2+ 30. Kd4 Rxc7 31. Rxc7 Re2 32. Rxf7 Rxg2 33.
a4 h5 34. h4 Rg4+ 35. Kc3 g6 36. Rg7 Kb6 37. a5+ Kc6 38. Kb3 b6 39. axb6 Kxb6 40.
Kc3 Kb5 41. Rb7+ Kc6 42. Rg7 Kd5 43. Kb3 Ke5 44. Ka4 Kf5 45. Ka5 Rxh4 46. Rb7 Rh1 47.
Kxa6 h4 48. b5 h3 49. b6 g5 50. Rc7 Ra1+ 51. Kb5 Rb1+ 52. Kc6 g4 53. Rd7 h2 54. Rd5+ Kf4 55. b7 Rxb7 56. Kxb7 h1=Q 0-1

[Event "Early-Titled-Tuesday-Blitz-August-29-2023"]
[Site "Chess.com"]
[Date "2023.08.29"]
[Round "4"]
[White "BrandonJacobson"]
[Black "xamax2000"]
[Result "1-0"]
[WhiteElo "3005"]
[BlackElo "2847"]
[TimeControl "180+1"]
[EndTime "8:39:53 PDT"]
[Termination "BrandonJacobson won by resignation"]

1. Nf3 Nf6 2. c4 g6 3. Nc3 Bg7 4. e4 d6 5. d4 O-O 6. Be2 e5 7. O-O exd4 8. Nxd4 Re8 9. f3 c6 10. Nc2 Na6 11. Kh1 h6 12. Bf4 d5 13. exd5 cxd5 14. cxd5 Nh5 15. Be3 Nb4 16. Bf2 Bxc3 17. bxc3 Nxd5 18.
Bc4 Nxc3 19. Qd4 Qxd4 20. Bxd4 Be6 21. Bxc3 Bxc4 22. Rfd1 Rac8 23. Nd4 Nf4 24. Bd2 Nd3 25.
Kg1 Rcd8 26. Bc3 Rd7 27. Rd2 Nf4 28. Rad1 Red8 29. a3 Nd5 30. Bb2 Ne3 31. Rc1 b5 32. g4 Nd5 33. Kf2 Nf4 34. Rcd1 Kh7 35. Kg3 g5 36. h4 Rxd4 37. Bxd4 Bb3 38. Re1 Be6 39. hxg5 hxg5 40. Bc3 Rc8 41. Be5 Kg6 42. Bxf4 gxf4+ 43. Kxf4 Rc4+ 44. Re4 Rc3 45. Re3 Rc4+ 46. Kg3 a5 47. f4 Kf6 48. Rd6 Kg7 49. f5 Bc8 50. Rb6 b4 51. axb4 axb4 52. Rb3 Bd7 53. R6xb4 1-0

[Event "Early-Titled-Tuesday-Blitz-August-29-2023"]
[Site "Chess.com"]
[Date "2023.08.29"]
[Round "4"]
[White "LileKoridze"]
[Black "Rutricks"]
[Result "1-0"]
[WhiteElo "2340"]
[BlackElo "2610"]
[TimeControl "180+1"]
[EndTime "8:39:53 PDT"]
[Termination "LileKoridze won by resignation"]

1. d4 g6 2. c4 Bg7 3. Nc3 d6 4. e4 Nd7 5. Nf3 e5 6. Be2 Ngf6 7. O-O O-O 8. Be3 Re8 9. Qc2 Qe7 10. d5 a5 11. a3 Ng4 12. Bg5 f6 13. Bd2 Bh6 14. h3 Bxd2 15. Qxd2 Nc5 16. hxg4 Nb3 17. Qe3 Nxa1 18.
Rxa1 Bxg4 19. Bd3 Kg7 20. Re1 Rf8 21. Nh4 Bd7 22. Qg3 c6 23. f4 exf4 24. Qxf4 Qe5 25. Qf3 Rae8 26. g3 h5 27. Ng2 Bg4 28. Qf2 Rh8 29. Nh4 g5 30. Ng2 h4 31. gxh4 gxh4 32. Kh1 Rh5 33. Ne3 Bd7 34. Rg1+ Rg5 35. Ne2 Rg8 36. Nf4 Kf7 37. Rf1 Rg3 38. c5 dxc5 39.
dxc6 Bxc6 40. Bc4+ Kf8 41. Bxg8 Bxe4+ 42. Kh2 Kxg8 43.
Qd2 Kh7 44. Qd7+ Rg7 45. Qh3 Qg5 46. Ne6 Qg3+ 47. Qxg3 hxg3+ 48. Kg1 Re7 49. Rxf6 Rd7 50. Ng5+ Kg7 51. Nxe4 Re7 52. Nf5+ 1-0

[Event "Early-Titled-Tuesday-Blitz-August-29-2023"]
[Site "Chess.com"]
[Date "2023.08.29"]
[Round "4"]
[White "gueraumasague"]
[Black "NovikovaGalina"]
[Result "1-0"]
[WhiteElo "2548"]
[BlackElo "2392"]
[TimeControl "180+1"]
[EndTime "8:39:53 PDT"]
[Termination "gueraumasague won on time"]

1. e4 e6 2. Qe2 d5 3. exd5 Qxd5 4. Nc3 Qd8 5. Nf3 Nf6 6. d4 Be7 7. g3 O-O 8. Bg2 c5 9. dxc5 Bxc5 10. O-O Nc6 11.
Rd1 Qe7 12. Bg5 h6 13. Bxf6 Qxf6 14. Ne4 Qe7 15. a4 a6 16. c3 Ba7 17. Nd6 e5 18. Nh4 Be6 19. Nhf5 Qf6 20. Ne3 Qe7 21. Nd5 Bxd5 22.
Rxd5 f5 23. Rad1 e4 24. Nxf5 Qf6 25. Ne3 Rae8 26. Rd7 Re7 27. h4 Kh8 28. Rxe7 Qxe7 29. Rd2 Qc5 30. Bxe4 Qa5 31. Qg4 Bxe3 32. fxe3 Ne5 33.
Qd1 Qb6 34. Qe2 Qf6 35. Kg2 Qe7 36. Rd4 b5 37. axb5 axb5 38. Qxb5 Qf6 39. Qe2 Ng4 40. Bf3 Ne5 41. Rf4 Qe7 42. Rxf8+ Qxf8 43. b4 Qc8 44. Qc2 Qc4 45. Qe4 Qc7 46. Qa8+ Kh7 47. Be4+ g6 48. Qd5 1-0

[Event "Early-Titled-Tuesday-Blitz-August-29-2023"]
[Site "Chess.com"]
[Date "2023.08.29"]
[Round "4"]
[White "knightinshiningarmour16"]
[Black "InitiatingASC"]
[Result "0-1"]
[WhiteElo "2121"]
[BlackElo "2345"]
[TimeControl "180+1"]
[EndTime "8:39:53 PDT"]
[Termination "InitiatingASC won by resignation"]

1. d4 Nf6 2. c4 e6 3. Nc3 c5 4. dxc5 Bxc5 5. Nf3 d5 6. cxd5 exd5 7. Bg5 Nc6 8. Bxf6 Qxf6 9. Qxd5 Bb4 10. Qe4+ Be6 11. Qc2 O-O 12. e3 Rac8 13. a3 Bf5 14. Qb3 Bxc3+ 15.
Qxc3 Qxc3+ 16. bxc3 Na5 17. Nd4 Be4 18. Rc1 b6 19. f3 Bb7 20. Bd3 Rfe8 21. Kf2 Nc4 22.
Bxc4 Rxc4 23. Rc2 Rec8 24. Rhc1 g6 25. Ke2 Ba6 26. Kd2 Ra4 27. Ra1 Rc5 28. Nb3 Rh5 29. h3 Rg5 30. Ke1 Bd3 31. Rd2 Bc4 32. Nd4 Rga5 33. Kf2 Rxa3 34. Rxa3 Rxa3 35. Rc2 Kg7 36.
Nc6 Kf6 37. Nb4 a5 38. Nc6 a4 39. e4 Ra1 40. f4 a3 41. e5+ Kg7 42. Nb4 a2 43. Kg3 Bb3 44. Rb2 Bc4 45. Nxa2 Rxa2 46.
Rxb6 Rc2 47. Rc6 Rxc3+ 48. Kg4 Rc2 49. g3 Be6+ 50. Kh4 Rxc6 0-1

[Event "Early-Titled-Tuesday-Blitz-August-29-2023"]
[Site "Chess.com"]
[Date "2023.08.29"]
[Round "4"]
[White "temiksmozg"]
[Black "Kaua18"]
[Result "0-1"]
[WhiteElo "2640"]
[BlackElo "2496"]
[TimeControl "180+1"]
[EndTime "8:39:54 PDT"]
[Termination "Kaua18 won by checkmate"]

1. e4 c5 2. Nf3 e6 3. g3 Nc6 4. Bg2 Nf6 5. Nc3 e5 6. O-O d6 7.
Re1 Be7 8. Nd5 O-O 9. c3 Bg4 10. h3 Bxf3 11. Nxe7+ Qxe7 12. Qxf3 b6 13. d3 Ne8 14.
Be3 Nc7 15. Rad1 Ne6 16. Qe2 Kh8 17. Rf1 f6 18. f4 b5 19. f5 Nc7 20. d4 c4 21. g4 a5 22. h4 Rab8 23. g5 exd4 24. cxd4 Nb4 25. Bf3 Rbe8 26. g6 d5 27. gxh7 dxe4 28. Bh5 Rd8 29. Bg6 Ncd5 30. h5 Nxe3 31.
Qxe3 Nc2 32. Qc3 e3 33. Rfe1 Qe4 34. d5 Qg4+ 35. Kh2 Qh4+ 36. Kg2 Qg4+ 37. Kh2 Qh4+ 38. Kg2 Qe4+ 39. Kg3 b4 40. Rd4 Nxd4 41. Qxe3 Qxe3+ 42. Rxe3 Rxd5 43. Re7 Nxf5+ 44. Bxf5 Rxf5 45. Kg4 Rg5+ 46. Kh4 Kxh7 47. Rc7 Re8 48. Rxc4 Ree5 49. a3 bxa3 50.
bxa3 Re1 51. Rc3 Rh1+ 52. Rh3 Rxh3+ 53. Kxh3 Rxh5+ 54. Kg4 Rb5 55. a4 Rb4+ 56. Kh5 g6# 0-1

[Event "Early-Titled-Tuesday-Blitz-August-29-2023"]
[Site "Chess.com"]
[Date "2023.08.29"]
[Round "4"]
[White "Chernobay_Artem"]
[Black "superfast64"]
[Result "1-0"]
[WhiteElo "2636"]
[BlackElo "2415"]
[TimeControl "180+1"]
[EndTime "8:39:54 PDT"]
[Termination "Chernobay_Artem won by checkmate"]

1. e4 c6 2. d4 d5 3. e5 g6 4. c4 Bg7 5. Nc3 h5 6. h3 Nh6 7. cxd5 cxd5 8. Bb5+ Nc6 9. Nge2 e6 10. O-O Bd7 11. b3 Rc8 12. a4 Qb6 13. Ba3 Bf8 14. Bxf8 Kxf8 15. a5 Qd8 16. a6 b6 17.
Qd2 Na5 18. Rab1 Nf5 19. Rfc1 Kg7 20. Bd3 h4 21. Bxf5 gxf5 22. Nf4 Kf8 23. Nce2 Nc6 24.
Rc3 Ne7 25. Rbc1 Ng6 26. Rxc8 Bxc8 27. Nxg6+ fxg6 28. Rc6 Bd7 29. Nf4 Kf7 30. Rd6 Qe7 31. Nd3 Rh5 32. Qc1 Be8 33. Qc8 Rg5 34. Nf4 b5 35.
Nxe6 Rh5 36. Nf4 Rh6 37. Nxd5 Qg5 38. Rf6+ Kg7 39. Qxe8 Qc1+ 40. Kh2 Rh8 41. Qe7+ Kh6 42. Rxg6+ Kxg6 43. Qf6+ Kh7 44. Qf7+ Kh6 45. Qf6+ Kh7 46. Qxf5+ Kh6 47. Qf6+ Kh7 48. Qf7+ Kh6 49. Ne3 Qb1 50.
Ng4+ Kg5 51. f4# 1-0

[Event "Early-Titled-Tuesday-Blitz-August-29-2023"]
[Site "Chess.com"]
[Date "2023.08.29"]
[Round "4"]
[White "Virgo15"]
[Black "OparinGrigoriy"]
[Result "0-1"]
[WhiteElo "2759"]
[BlackElo "2976"]
[TimeControl "180+1"]
[EndTime "8:39:55 PDT"]
[Termination "OparinGrigoriy won on time"]

1. d4 Nf6 2. Bf4 d5 3. e3 Bf5 4. c4 e6 5. Nc3 Bd6 6. Bxd6 Qxd6 7. c5 Qe7 8. Nf3 O-O 9. Ne5 Nbd7 10. f4 Nxe5 11.
fxe5 Ne4 12. Nxe4 Bxe4 13. Qd2 f6 14. exf6 Rxf6 15. Bd3 Raf8 16. Bxe4 dxe4 17. Qe2 Qd7 18. O-O-O Qd5 19. Rhf1 Qxa2 20. Rxf6 Rxf6 21. Kc2 a6 22. Rf1 Qd5 23. Rxf6 gxf6 24. Qg4+ Kf7 25. b3 b6 26.
cxb6 cxb6 27. Qh4 h5 28. Qg3 Qg5 29. Qf2 a5 30. Kb2 Kg6 31. Ka3 b5 32. Qe2 Qd5 33.
Qf2 Qd6+ 34. Kb2 Qxh2 35. Qc2 f5 36. Qc6 Qxg2+ 37. Ka3 b4+ 38. Ka4 Qa2+ 39. Kb5 Qxb3 40. Qe8+ Kg5 41. Qg8+ Kh4 42. Qg1 Qd5+ 43. Ka4 Qa2+ 44.
Kb5 b3 45. Kc5 Qc2+ 46. Kd6 b2 47.
Qh1+ Kg3 48. Qg1+ Kf3 49. Ke5 b1=Q 50. Qg5 Qc7+ 51. Kf6 Qd8+ 0-1

[Event "Early-Titled-Tuesday-Blitz-August-29-2023"]
[Site "Chess.com"]
[Date "2023.08.29"]
[Round "4"]
[White "krzyzan94"]
[Black "Anton_Demchenko"]
[Result "1-0"]
[WhiteElo "2773"]
[BlackElo "2925"]
[TimeControl "180+1"]
[EndTime "8:39:56 PDT"]
[Termination "krzyzan94 won on time"]

1. Nf3 Nf6 2. g3 b5 3. Bg2 Bb7 4. O-O e6 5. d3 d6 6. e4 c5 7. a4 b4 8. Re1 Be7 9. Nbd2 O-O 10. Nc4 Qc7 11. c3 bxc3 12. bxc3 Nbd7 13. a5 Rab8 14.
h4 Ba6 15. Bg5 Rfe8 16. Qc2 h6 17. Bf4 e5 18. Bd2 Rb7 19. Ne3 Reb8 20. Bc1 Bf8 21. Bh3 c4 22. d4 exd4 23. cxd4 Re8 24. Nd1 Rb3 25. Nd2 Rbb8 26. Nc3 g6 27. Ba3 Bg7 28.
Nf3 Rb3 29. Nd2 Rbb8 30. Kh2 h5 31. f3 Bh6 32. f4 Bg7 33. e5 Ng4+ 34. Bxg4 hxg4 35.
Bxd6 Qc8 36. Bxb8 Nxb8 37. d5 Nd7 38. Nde4 Nc5 39. Nd6 Qd8 40. Nxe8 Qxe8 41. Ne4 Nd3 42. Reb1 Qd8 43. d6 Nxf4 44. Qf2 Nd3 45. Nf6+ Kh8 46. Qe3 Bxf6 47. exf6 Kh7 48. Qe7 Qg8 49.
Rb8 Qxb8 50. Qxf7+ 1-0

[Event "Early-Titled-Tuesday-Blitz-August-29-2023"]
[Site "Chess.com"]
[Date "2023.08.29"]
[Round "4"]
[White "MrAnnihilation"]
[Black "Kostya0705"]
[Result "1-0"]
[WhiteElo "2437"]
[BlackElo "2640"]
[TimeControl "180+1"]
[EndTime "8:39:56 PDT"]
[Termination "MrAnnihilation won by checkmate"]

1. e4 c5 2. Nf3 e6 3. d3 Nc6 4. g3 g6 5. Bg2 Bg7 6. O-O Nge7 7. c3 d5 8. Re1 O-O 9. e5 d4 10. c4 Qc7 11. Qe2 b6 12. h4 h5 13. Nbd2 Bb7 14. Nf1 Nf5 15. N1h2 a6 16. Bg5 b5 17. b3 bxc4 18. bxc4 a5 19. g4 hxg4 20. Nxg4 Rfb8 21. h5 gxh5 22. Nf6+ Bxf6 23. Bxf6 Kf8 24. Ng5 Nce7 25. Qxh5 Ng8 26. Be4 Nfh6 27. Kg2 Bxe4+ 28. Rxe4 Rb2 29. Rh1 Rab8 30. Rh3 Rxa2 31. Rf3 Qd7 32. Ref4 Rb7 33. Bh8 Ke8 34. Bg7 Nf5 35. Rxf5 exf5 36. e6 Qc6 37. exf7+ Kd7 38. fxg8=Q Rxf2+ 39. Kxf2 Rb2+ 40. Kg3 Qd6+ 41. Rf4 a4 42. Qhe8+ Kc7 43. Ne6+ Kb6 44. Qd8+ Qxd8 45. Qxd8+ Ka6 46. Qa8+ Kb6 47. Qxa4 Rb4 48. Qd7 Rb1 49. Rxf5 Rg1+ 50. Kf4 Rf1+ 51. Ke5 Rd1 52. Kd5 Ka5 53. Qb5# 1-0

[Event "Early-Titled-Tuesday-Blitz-August-29-2023"]
[Site "Chess.com"]
[Date "2023.08.29"]
[Round "4"]
[White "the_drake"]
[Black "YouJustFoundYourGodfather"]
[Result "0-1"]
[WhiteElo "2403"]
[BlackElo "2583"]
[TimeControl "180+1"]
[EndTime "8:39:57 PDT"]
[Termination "YouJustFoundYourGodfather won by resignation"]

1. d4 c5 2. d5 Nf6 3. c4 g6 4. Nc3 Bg7 5. e4 d6 6. f4 O-O 7. Nf3 a6 8. Bd3 e6 9. O-O exd5 10. cxd5 b5 11. Re1 Re8 12. a3 c4 13. Bc2 Ng4 14. Be3 Nxe3 15. Rxe3 Bg4 16. h3 Qb6 17. Kf2 Bxf3 18. Kxf3 Nd7 19. Qd2 Nc5 20. Rae1 a5 21. e5 dxe5 22. fxe5 Bh6 23. Qd4 b4 24. axb4 axb4 25. Ne4 Bxe3 26. Rxe3 b3 27. Nf6+ Kf8 28. Bb1 Re7 29. Nxh7+ Kg7 30. Nf6 Nd7 31. Qf4 Nxf6 32. exf6+ Qxf6 33. Rxe7 Qxe7 34. d6 Qf6 35. Ke4 Re8+ 36.
Kf3 Rd8 37. Ke3 Qxf4+ 38. Kxf4 Rxd6 39. Ke3 f5 40. g4 Rd1 41. gxf5 Rxb1 42. fxg6 Rd1 43.
Ke2 Rd7 44. Ke3 c3 45. Ke2 cxb2 46. Ke3 b1=Q 0-1

[Event "Early-Titled-Tuesday-Blitz-August-29-2023"]
[Site "Chess.com"]
[Date "2023.08.29"]
[Round "4"]
[White "GasconJR"]
[Black "stasOR4ik"]
[Result "1-0"]
[WhiteElo "2668"]
[BlackElo "2486"]
[TimeControl "180+1"]
[EndTime "8:39:58 PDT"]
[Termination "GasconJR won on time"]

1. Nf3 d5 2. g3 Nf6 3. Bg2 c5 4. O-O Nc6 5. d4 e6 6. c4 dxc4 7. Qa4 Bd7 8. Qxc4 Na5 9. Qc2 Rc8 10. Nc3 Qb6 11. dxc5 Bxc5 12. Ne5 O-O 13. Bg5 Be8 14. e3 Be7 15. Rac1 h6 16. Bxf6 Bxf6 17. Nd3 Nc4 18. Ne4 Nd6 19. Nxf6+ gxf6 20. Qe2 Bb5 21. Qg4+ Kh7 22.
Rxc8 Rxc8 23. Rd1 Bxd3 24. Rxd3 Rc1+ 25. Rd1 Qxb2 26. h4 Qb1 27. Rxc1 Qxc1+ 28. Kh2 Qc5 29. Qe2 f5 30. Qd3 Kg7 31. a4 a6 32. Qb3 b5 33.
axb5 axb5 34. Qb2+ f6 35. Qa2 Qc7 36. Qxe6 Kg6 37.
h5+ Kg7 38. Bd5 Kf8 39. Qg8+ Ke7 40. Qg7+ Kd8 41. Qxh6 Qc2 42. Qxf6+ Kc7 43. Qe7+ Kb6 44. Qxd6+ Ka5 45. Qf4 b4 46. h6 b3 47. Bxb3 Qxb3 48.
h7 Qg8 49. hxg8=Q 1-0